 Dungeon Crawl Stone Soup version 0.30-a0-782-ge64f9170bb (webtiles) character file.

Game seed: 17649813958609529575

4620 vineage the Fighter (level 10, 0/75 HPs)
             Began as a Gargoyle Fighter on Feb 28, 2023.
             Was a Priest of Okawaru.
             Slain by an orc
             ... wielding a +0 flail
              (1 damage)
             ... on level 11 of the Dungeon.
             The game lasted 00:07:50 (9112 turns).

vineage the Fighter (Gargoyle Fighter)              Turns: 9112, Time: 00:07:51

Health: 0/75       AC: 21    Str: 23    XL:     10   Next: 42%
Magic:  12/13      EV: 15    Int: 10    God:    Okawaru [***...]
Gold:   451        SH:  6    Dex: 13    Spells: 9/9 levels left

rFire   . . .      SeeInvis +    t - +6 dagger "Wojucaucs" {flame, rPois rN+ Dex+4 SInv}
rCold   . . .      Faith    .    c - +0 buckler
rNeg    + + .      Spirit   .    k - +0 chain mail
rPois   ∞          Reflect  .    (no helmet)
rElec   +          Harm     .    m - +1 cloak
rCorr   .          Rampage  .    (no gloves)
Will    +....                    (no boots) Stlth
                                 (no amulet)
HPRegen 0.32/turn                o - ring of willpower
MPRegen 0.13/turn                r - +5 ring of evasion

@: heroic
A: sickness immunity, AC +7, negative energy resistance 1, electricity
resistance, torment resistance 1, petrification resistance
a: Renounce Religion, Heroism


You were on level 11 of the Dungeon.
You worshipped Okawaru.
Okawaru was most pleased with you.
You visited 1 branch of the dungeon, and saw 9 of its levels.
You also visited: Sewer.

You collected 451 gold pieces.

Inventory:

Hand Weapons
 a - a +1 flail
 h - a +2 dagger of venom
 t - the +6 dagger "Wojucaucs" (weapon) {flame, rPois rN+ Dex+4 SInv}
   (You found it on level 4 of the Dungeon)

   Dex:       It affects your dexterity (+4).
   rPois:     It protects you from poison.
   rN:        It protects you from negative energy.
   SInv:      It lets you see invisible.
Missiles
 D - a throwing net (quivered)
Armour
 c - a +0 buckler (worn)
 k - a +0 chain mail (worn)
 m - a +1 cloak (worn)
Jewellery
 o - a ring of willpower (left hand)
 p - a ring of ice
 r - a +5 ring of evasion (right hand)
 v - a ring of magical power
 x - a ring of wizardry
 z - a ring of wizardry
Wands
 u - a wand of flame (21)
 C - a wand of digging (5)
Scrolls
 e - 4 scrolls of teleportation
 j - 2 scrolls of blinking
 n - 2 scrolls of fog
 w - a scroll of fear
 y - a scroll of poison
 A - 3 scrolls of identify
Potions
 b - a potion of haste
 d - a potion of might
 f - a potion of cancellation
 g - 2 potions of invisibility
 i - 2 potions of heal wounds
 l - 2 potions of curing
 q - 2 potions of flight
 s - 2 potions of lignification


   Skills:
 + Level 14.1(19.1) Fighting
 + Level 4.2(9.2) Maces & Flails
 + Level 5.3(10.3) Armour
 + Level 5.3(10.3) Shields
 + Level 4.0 Invocations


You had 9 spell levels left.
You didn't know any spells.
Your spell library contained the following spells:

 Spells                   Type           Power      Damage    Failure   Level
 Ignite Poison            Fire/Tmut/Pois 0%         N/A       100%        3
 Portal Projectile        Hex/Tloc       0%         N/A       100%        3
 Leda's Liquefaction      Hex/Erth       0%         N/A       100%        4
 Sticky Flame             Conj/Fire      0%         2d3       100%        4
 Ignition                 Fire           0%         3d3       100%        8
 Call Canine Familiar     Summ           Unusable   N/A       N/A         3

Dungeon Overview and Level Annotations

Branches:
Dungeon (8/15)             Temple (0/1) D:7           Sewer (visited)
   Lair: D:8-11

Altars:
Ashenzari
Dithmenos
Fedhas
Hepliaklqana
Okawaru
Qazlal
Sif Muna
Vehumet
Wu Jian
Xom
Zin

Shops:
D:1 *   D:7 =


Innate Abilities, Weirdness & Mutations

You are immune to sickness and miasma.
Your stone body is resilient. (AC +7)
You are immune to poison.
You resist negative energy. (rN+)
You are resistant to electric shocks. (rElec)
You are resistant to unholy torment.
You are immune to petrification.


Message History

The very large slime creature is severely wounded.
The very large slime creature closely misses you.
You hit the very large slime creature. You burn the very large slime creature.
The very large slime creature is severely wounded.
An orc priest comes into view. It is wielding a +0 whip.
The very large slime creature barely misses you.
The orc priest shouts!
You hit the very large slime creature. You burn the very large slime creature.
The very large slime creature is severely wounded.
You hit the very large slime creature. You burn the very large slime creature.
The very large slime creature is severely wounded.
The very large slime creature barely misses you.
You hit the very large slime creature. You burn the very large slime creature.
The very large slime creature is severely wounded.
The very large slime creature barely misses you.
The orc priest looks braver for a moment.
You completely miss the very large slime creature.
The very large slime creature is severely wounded.
The very large slime creature hits you but does no damage.
You hit the very large slime creature. You burn the very large slime creature.
The very large slime creature is almost dead.
The very large slime creature hits you!
* * * LOW HITPOINT WARNING * * *
You hit the very large slime creature. You burn the very large slime creature.
The very large slime creature is almost dead.
You hit the very large slime creature. You burn the very large slime creature.
The very large slime creature is almost dead.
You block the very large slime creature's attack.
You hit the very large slime creature. You burn the very large slime creature.
The very large slime creature is almost dead.
You block the orc's attack.
The very large slime creature hits you!!
* * * LOW HITPOINT WARNING * * *
You puncture the very large slime creature!
You burn the very large slime creature.
You kill the very large slime creature!
Okawaru is honoured by your kill.
Okawaru will now gift you throwing weapons as you gain piety.
The orc hits you with a +0 flail.
You die...

# #.#### .####
...#
.....o##o###.#
..⌠..o.@.....#
.....o##.#####
.######...##
##.....#
#......#
#[.....#
#.#...## #
#..#### #.
########...##


You could see an orc warrior, an orc priest and 2 orcs.

Vanquished Creatures
  The ghost of P0068685 the Skirmisher, a novice GnHu (D:6)
  A slime creature (D:11)
  The ghost of Barsley the Chopper, a novice MeRe of Qazlal (D:4)
  Sigmund (D:5)
  Edmund (D:6)
  A water moccasin (D:7)
  Duvessa (D:5)
  2 sky beasts
  2 black bears
  3 ice beasts
  4 ogres
  A centaur (D:4)
  2 phantoms
  A kobold brigand (D:6)
  4 bullfrogs
  2 necrophages
  5 scorpions
  2 jellies
  Dowan (D:5)
  A wight (D:4)
  3 killer bees (D:7)
  A howler monkey (D:5)
  8 hounds
  2 gnoll boudas
  2 orc priests
  6 iguanas
  4 orc wizards
  9 gnolls
  19 adders
  4 river rats (D:4)
  A white imp (D:7)
  An ufetubus (D:5)
  3 worms
  A dart slug (D:3)
  21 orcs
  6 endoplasms
  12 giant cockroaches
  9 goblins
  3 hobgoblins
  4 jackals (D:3)
  6 quokkas
  14 ball pythons
  2 bats
  7 frilled lizards
  15 kobolds
  6 rats
206 creatures vanquished.

Vanquished Creatures (others)
  3 plants (D:7)
3 creatures vanquished.

Grand Total: 209 creatures vanquished

Notes
Turn   | Place    | Note
-------+----------+-------------------------------------------
     0 | D:1      | vineage the Gargoyle Fighter began the quest for the Orb.
     0 | D:1      | Reached XP level 1. HP: 14/14 MP: 1/1
   210 | D:1      | Reached XP level 2. HP: 13/20 MP: 2/2
   269 | D:1      | Reached skill level 4 in Fighting
   304 | D:1      | Found Bix Yrej's General Store.
   915 | D:2      | Reached XP level 3. HP: 24/24 MP: 3/3
  1322 | D:2      | Reached skill level 5 in Fighting
  1555 | D:3      | Reached XP level 4. HP: 29/31 MP: 4/4
  1564 | D:3      | Found a hazy altar of Hepliaklqana.
  1913 | D:3      | Found an ornate altar of the Wu Jian Council.
  2137 | D:3      | Found a faded altar of an unknown god.
  2441 | D:4      | Reached skill level 6 in Fighting
  2449 | D:4      | Reached XP level 5. HP: 25/36 MP: 5/5
  2623 | D:4      | Found a glowing drain.
  2686 | Sewer    | Entered a sewer
  2778 | Sewer    | Reached skill level 7 in Fighting
  2923 | Sewer    | Reached XP level 6. HP: 43/44 MP: 6/6
  3305 | D:4      | Reached skill level 8 in Fighting
  3733 | D:4      | Reached XP level 7. HP: 3/50 MP: 7/7
  3916 | D:4      | Reached skill level 9 in Fighting
  4485 | D:4      | Reached skill level 10 in Fighting
  4622 | D:4      | Reached XP level 8. HP: 49/57 MP: 8/8
  4657 | D:4      | Identified the +6 dagger "Wojucaucs" {flame, rPois rN+
                  | Dex+4 SInv}
  4761 | D:4      | Found a blossoming altar of Fedhas.
  4813 | D:4      | Found a runed translucent gate.
  4814 | D:4      | Found a runed translucent gate.
  4814 | D:4      | Noticed Barsley's ghost (novice MeRe)
  4815 | D:4      | Found a runed translucent gate.
  5146 | D:4      | Killed Barsley's ghost
  5147 | D:4      | Reached skill level 11 in Fighting
  5269 | D:5      | Entered Level 5 of the Dungeon
  5290 | D:5      | Noticed Sigmund
  5298 | D:5      | Killed Sigmund
  5299 | D:5      | Reached skill level 12 in Fighting
  5654 | D:5      | Reached XP level 9. HP: 54/66 MP: 9/9
  5819 | D:5      | Reached skill level 13 in Fighting
  5823 | D:5      | Found a shimmering blue altar of Sif Muna.
  5824 | D:5      | Found a shadowy altar of Dithmenos.
  5826 | D:5      | Found a broken altar of Ashenzari.
  5827 | D:5      | Found a radiant altar of Vehumet.
  5828 | D:5      | Found a shimmering altar of Xom.
  5828 | D:5      | Found a stormy altar of Qazlal.
  5829 | D:5      | Found an iron altar of Okawaru.
  5868 | D:5      | Became a worshipper of Warmaster Okawaru
  6100 | D:5      | Noticed Dowan
  6109 | D:5      | Killed Dowan
  6263 | D:5      | Noticed Duvessa
  6287 | D:5      | Killed Duvessa
  6288 | D:5      | Reached skill level 1 in Invocations
  6530 | D:6      | Found a runed translucent door.
  6530 | D:6      | Noticed P0068685's ghost (novice GnHu)
  6861 | D:6      | Reached * piety under Okawaru
  7000 | D:6      | Found a glowing silver altar of Zin.
  7153 | D:6      | Noticed Edmund
  7181 | D:6      | Killed Edmund
  7833 | D:6      | Killed P0068685's ghost
  7833 | D:6      | Reached ** piety under Okawaru
  7834 | D:6      | Reached skill level 14 in Fighting
  7834 | D:6      | Reached XP level 10. HP: 75/75 MP: 12/12
  7918 | D:7      | Reached skill level 5 in Armour
  7918 | D:7      | Reached skill level 5 in Shields
  8324 | D:7      | Identified the +7 hand axe "Aruot" {flame, *Rage rElec
                  | Int+4}
  8411 | D:7      | Found a staircase to the Ecumenical Temple.
  8996 | D:7      | Found Qabaco's Jewellery Emporium.
  9041 | D:8      | You fall into a shaft and drop 3 floors!
  9111 | D:11     | HP: 1/75 [very large slime creature (19)]
  9112 | D:11     | Reached *** piety under Okawaru
  9112 | D:11     | Slain by an orc

Illustrated notes

Levels and vault maps discovered:
D:1:      eino_arrival_cavern_c, layout_basic, serial_shops, shop
D:2:      layout_loops_ring
D:3:      layout_basic, nicolae_wu_jian_immortal_techniques,
          mainiacjoe_overflow_boulevard,
          hellmonk_ecumenical_altar_defaced_shrine, kennysheep_generic_room_15
D:4:      kennysheep_six_static_rooms, layout_layer_cave, fedhas_altar_2,
          gammafunk_ghost_split, lightli_sewer_entry_pipes,
          corexii_checkpoint_b, minmay_pentangle
D:5:      layout_basic, grunt_temple_overflow_open, serial_bayou_pond_d,
          minmay_fractal_squares_gapless_5, uniq_duvessa, uniq_sigmund
D:6:      layout_layer_cave, zin_academy, hellmonk_ghost_happy_afterlife,
          uniq_edmund
D:7:      layout_rooms, minmay_temple_entry_wispy, serial_shops,
          nicolae_shop_behind_doors, nicolae_hexahallways, minmay_statues_item,
          serial_bayou_pond_c, minmay_fractal_squares_5
D:8:      layout_basic, trog_book, uniq_joseph
D:11:     minmay_tri_box, layout_loops_corners, hiddenorc1_lemuel,
          nicolae_elevator_lobby_asterisk

Skill      XL: |  1  2  3  4  5  6  7  8  9 10 |
---------------+-------------------------------+-----
Fighting       | 4 5 6 7 8 10 12 14 | 14.1
Invocations    | 3 4 |  4.0
Armour         | 4 5 |  5.3
Shields        | 4 5 |  5.3
Maces & Flails | 3 4 |  4.2

Action                     |  1- 3 |  4- 6 |  7- 9 | 10-12 || total
---------------------------+-------+-------+-------+-------++-------
  Melee: Flail             |     8 |       |       |       ||     8
         Dagger            |    81 |   303 |   447 |   151 ||   982
 Invoke: Heroism           |       |       |     1 |     1 ||     2
    Use: Scroll            |     5 |     5 |     7 |     1 ||    18
         Potion            |       |     1 |     3 |       ||     4
   Stab: Invisible         |       |       |     5 |       ||     5
 Armour: Scale mail        |    25 |       |       |       ||    25
         Chain mail        |    22 |   241 |   248 |   133 ||   644
  Dodge: Dodged            |    30 |   140 |   226 |   174 ||   570
  Block: Buckler           |    16 |    57 |   110 |    60 ||   243

Table legend: (Time is in decaauts)
 A = Elapsed time spent in this place.
 B = Non-inter-level travel time spent in this place.
 C = Inter-level travel time spent in this place.
 D = Time resting spent in this place.
 E = Time spent auto-exploring this place.
 F = Levels seen in this place.
 G = Mean time per level.
                   A        B        C        D        E       F      G
               +--------+--------+--------+--------+--------+-----+--------+
         Total |   9283 |   8915 |    368 |   1084 |   6108 |  10 |  928.3 |
       Dungeon |   8630 |   8262 |    368 |   1084 |   5706 |   9 |  958.9 |
         Sewer |    653 |    653 |      0 |      0 |    402 |   1 |  653.0 |
               +--------+--------+--------+--------+--------+-----+--------+

Top non-repeatable levels by time:
     D:4: 2352 daAuts
     D:6: 1661 daAuts
     D:5: 1189 daAuts
     D:7: 930 daAuts
     D:3: 928 daAuts
     D:1: 909 daAuts
   Sewer: 653 daAuts
     D:2: 591 daAuts
    D:11: 68 daAuts
